 Dungeon Crawl Stone Soup version 0.29.1-1-gd02db6906a (webtiles) character file.

Game seed: 4385119335982576952

5546 holycorn the Severer (level 10, -1/135 HPs)
             Began as a Minotaur Berserker on Sept 22, 2022.
             Was an Elder of Trog.
             Slain by a death yak simulacrum (11 damage)
             ... in an ice cave.
             The game lasted 00:23:12 (8383 turns).

holycorn the Severer (Minotaur Berserker)           Turns: 8383, Time: 00:23:12

Health: -1/135     AC: 24    Str: 26    XL:     10   Next: 43%
Magic:  9/9        EV:  4    Int:  4    God:    Trog [****..]
Gold:   491        SH:  0    Dex: 10    Spells: 9/9 levels left

rFire   . . .      SeeInvis .   e - +3 war axe
rCold   . . .      Faith    .   (no shield)
rNeg    . . .      Spirit   .   w - +1 crystal plate armour
rPois   .          Reflect  .   (helmet restricted)
rElec   .          Harm     .   A - +0 cloak
rCorr   .          Rampage  .   d - +0 pair of gloves
Will    .....                   x - +0 pair of boots
Stlth   ..........              (no amulet)
HPRegen 0.32/turn               p - +4 ring of protection
MPRegen 0.11/turn               y - +4 ring of slaying

@: berserking, very quick
A: horns 2, retaliatory headbutt
a: Renounce Religion, Berserk, Trog's Hand, Brothers in Arms


You were in an ice cave.
You worshipped Trog.
Trog was greatly pleased with you.
You visited 2 branches of the dungeon, and saw 9 of its levels.
You also visited: Ice Cave.

You collected 1448 gold pieces.
You spent 957 gold pieces at shops.

Inventory:

Hand Weapons
 a - a +0 hand axe
 e - a +3 war axe (weapon)
 l - a +3 hand axe of electrocution
Armour
 b - a +0 animal skin
 d - a +0 pair of gloves (worn)
 k - a +0 scale mail
 v - a scarf of invisibility
 w - a +1 crystal plate armour (worn)
 x - a +0 pair of boots (worn)
 A - a +0 cloak (worn)
Jewellery
 h - a ring of see invisible
 p - a +4 ring of protection (left hand)
 y - a +4 ring of slaying (right hand)
 G - a +6 ring of strength
Wands
 j - a wand of digging (6)
 s - a wand of iceblast (10)
 u - a wand of charming (8)
Scrolls
 c - 5 scrolls of teleportation
 f - 4 scrolls of torment {unknown}
 o - 2 scrolls of enchant weapon
 q - 2 scrolls of fear
 t - a scroll of noise {unknown}
 C - a scroll of blinking {unknown}
 D - 2 scrolls of identify
Potions
 g - 6 potions of curing
 i - 3 potions of degeneration
 m - a potion of might
 n - a potion of mutation
 r - 3 potions of flight
 z - a potion of resistance {unknown}
 B - a potion of invisibility {unknown}
 E - a potion of attraction {unknown}
 F - 2 potions of heal wounds {unknown}


   Skills:
 + Level 8.7 Fighting
 * Level 16.8 Axes
 - Level 2.6 Armour
 - Level 2.2 Dodging


You had 9 spell levels left.
You didn't know any spells.
Your spell library was empty.

Dungeon Overview and Level Annotations

Branches:
Dungeon (8/15)             Temple (0/1) D:7            Lair (1/5) D:8
  IceCv (1/1)

Altars:
Ashenzari
Gozag
Nemelex Xobeh
Okawaru
Ru
Wu Jian
Xom
Yredelemnul

Shops:
D:1 [(   D:2 (


Innate Abilities, Weirdness & Mutations

You have a pair of horns on your head.
You reflexively headbutt those who attack you in melee.


Message History

You hear the loud crackling of a melting archway.
The world spins around you as you enter the gateway.
You enter an ice cave!
Found an ice covered gate leading back out of this place.
There is an ice choked empty arch of ancient stone here.
The wolf simulacrum bites you but does no damage.
You slice the wolf simulacrum!!
The wolf simulacrum vaporises!
Trog accepts your kill.
You slash the death yak simulacrum!
The death yak simulacrum is lightly damaged.
You slash the death yak simulacrum!
The death yak simulacrum is heavily damaged.
The death yak simulacrum barely misses you.
You slash the death yak simulacrum!
The death yak simulacrum is severely damaged.
You slash the death yak simulacrum! The death yak simulacrum gores you.
The death yak simulacrum freezes you!!
You hit the death yak simulacrum. You headbutt the death yak simulacrum.
The death yak simulacrum is almost destroyed.
You hit the death yak simulacrum but do no damage.
The death yak simulacrum gores you but does no damage.
A red film seems to cover your vision as you go berserk!
You feel yourself moving faster!
You feel mighty! The death yak simulacrum gores you!
The death yak simulacrum freezes you!!
* * * LOW HITPOINT WARNING * * *
The death yak simulacrum gores you.
* * * LOW HITPOINT WARNING * * *
The death yak simulacrum freezes you!!
* * * LOW HITPOINT WARNING * * *
The death yak simulacrum gores you but does no damage.
You slice the death yak simulacrum!!
The death yak simulacrum vaporises!
Trog accepts your kill.
You hit the death yak simulacrum. You slash the death yak simulacrum!
You slice the death yak simulacrum!!
The death yak simulacrum vaporises!
Trog accepts your kill.
You hit the death yak simulacrum. The death yak simulacrum gores you!
You die...

#####
##...##
##..∩..##
#.......#
#...∩...#
##..@..##
##☼○Z##
#...#
##...
#...#
...##
..## .##


You could see a death yak simulacrum.

Vanquished Creatures
  Joseph (D:7)
  6 elephants (Lair:1)
  2 komodo dragons (Lair:1)
  Prince Ribbit (D:8)
  2 death yak simulacra (IceCv)
  Menkaure (D:7)
  A water moccasin (D:8)
  An ice beast (D:6)
  2 orc warriors
  3 black bears
  An ogre (D:6)
  3 phantoms (D:6)
  4 kobold brigands
  2 bullfrogs (D:8)
  6 scorpions
  An electric eel (Lair:1)
  A hound (D:4)
  2 bullfrog zombies (D:6)
  Ijyb (D:4)
  2 iguanas
  2 orc wizards
  3 polar bear simulacra (Lair:1)
  A wolf simulacrum (IceCv)
  3 adders
  2 white imps
  2 ufetubi
  A worm (D:2)
  2 dart slugs (D:1)
  26 orcs
  4 ball pythons
  8 endoplasms
  2 giant cockroaches (D:4)
  11 goblins
  3 hobgoblins
  2 jackals (D:5)
  22 kobolds
  3 quokkas
  5 bats
  6 frilled lizards
  3 rats
154 creatures vanquished.

Vanquished Creatures (others)
  7 fungi
  11 plants
18 creatures vanquished.

Grand Total: 172 creatures vanquished

Notes
Turn   | Place    | Note
-------+----------+-------------------------------------------
     0 | D:1      | holycorn the Minotaur Berserker began the quest for the
                  | Orb.
     0 | D:1      | Reached XP level 1. HP: 19/19 MP: 0/0
   178 | D:1      | Reached skill level 4 in Axes
   178 | D:1      | Reached XP level 2. HP: 23/27 MP: 1/1
   340 | D:1      | Found Ryjedos's Weapon Boutique.
   389 | D:1      | Found Uluy's Armour Shop.
   590 | D:1      | Found a faded altar of an unknown god.
  1333 | D:2      | Reached XP level 3. HP: 33/33 MP: 2/2
  1563 | D:2      | Found Weamiq's Weapon Emporium.
  1602 | D:2      | Reached ** piety under Trog
  1917 | D:3      | Reached skill level 5 in Axes
  2331 | D:4      | Found a shimmering altar of Xom.
  2344 | D:4      | Reached XP level 4. HP: 27/41 MP: 3/3
  2474 | D:4      | Found a broken altar of Ashenzari.
  2868 | D:4      | Noticed Ijyb
  2876 | D:4      | Killed Ijyb
  2877 | D:4      | Reached skill level 6 in Axes
  2877 | D:4      | Reached XP level 5. HP: 37/47 MP: 4/4
  3116 | D:4      | Reached skill level 5 in Fighting
  3116 | D:4      | Reached skill level 7 in Axes
  3550 | D:5      | Entered Level 5 of the Dungeon
  3616 | D:5      | Reached XP level 6. HP: 52/56 MP: 5/5
  3917 | D:5      | Identified a scroll of acquirement
  3917 | D:5      | Acquired 1034 gold pieces
  4126 | D:1      | Bought a +1 crystal plate armour for 957 gold pieces
  4380 | D:6      | Reached skill level 8 in Axes
  4710 | D:6      | Noticed an ice beast
  4723 | D:6      | Killed an ice beast
  4724 | D:6      | Reached XP level 7. HP: 61/61 MP: 6/6
  4806 | D:6      | Reached skill level 9 in Axes
  4983 | D:6      | Reached skill level 10 in Axes
  5039 | D:6      | Found a sacrificial altar of Ru.
  5119 | D:6      | Found a basalt altar of Yredelemnul.
  5179 | D:6      | Reached *** piety under Trog
  5182 | D:6      | Reached XP level 8. HP: 70/70 MP: 7/7
  5429 | D:7      | Noticed Menkaure
  5440 | D:7      | Killed Menkaure
  5441 | D:7      | Reached skill level 11 in Axes
  5801 | D:7      | Found a staircase to the Ecumenical Temple.
  6003 | D:7      | Noticed Joseph
  6024 | D:7      | Killed Joseph
  6025 | D:7      | Reached skill level 12 in Axes
  6350 | D:7      | Found a sparkling altar of Nemelex Xobeh.
  6351 | D:7      | Found an opulent altar of Gozag.
  6730 | D:8      | Reached skill level 13 in Axes
  6730 | D:8      | Reached XP level 9. HP: 68/78 MP: 8/8
  6777 | D:8      | Found a staircase to the Lair.
  7320 | D:8      | Found an iron altar of Okawaru.
  7320 | D:8      | Found an ornate altar of the Wu Jian Council.
  7556 | D:8      | Noticed Prince Ribbit
  7564 | D:8      | Killed Prince Ribbit
  7565 | D:8      | Reached skill level 14 in Axes
  7733 | Lair:1   | Entered Level 1 of the Lair of Beasts
  7781 | Lair:1   | Noticed an elephant
  7782 | Lair:1   | Noticed an elephant
  7782 | Lair:1   | Noticed an elephant
  7783 | Lair:1   | Noticed an elephant
  7783 | Lair:1   | Noticed an elephant
  7783 | Lair:1   | Noticed an elephant
  7783 | Lair:1   | Noticed a komodo dragon
  7796 | Lair:1   | Killed an elephant
  7798 | Lair:1   | Killed an elephant
  7798 | Lair:1   | Reached **** piety under Trog
  7799 | Lair:1   | Reached skill level 15 in Axes
  7799 | Lair:1   | Killed an elephant
  7802 | Lair:1   | Killed a komodo dragon
  7803 | Lair:1   | Reached XP level 10. HP: 88/88 MP: 9/9
  7806 | Lair:1   | Killed an elephant
  7818 | Lair:1   | Killed an elephant
  7819 | Lair:1   | Reached skill level 16 in Axes
  7824 | Lair:1   | Killed an elephant
  8359 | Lair:1   | Found a frozen archway.
  8373 | IceCv    | Entered an ice cave
  8383 | IceCv    | Slain by a death yak simulacrum

Illustrated notes

Levels and vault maps discovered:
D:1:      dpeg_arrival_round_b, layout_loops_ring, serial_shops, shop,
          nicolae_shop_bloodbath_and_beyond, basic_ecumenical_altar
D:2:      layout_loops_ring, serial_shops, nicolae_lakefront_shop
D:3:      layout_rooms, minmay_circle_x
D:4:      layout_layer_cave, general_overflow_altar, evilmike_ruin_ashenzari,
          gup_sewer_entry_bowl, uniq_ijyb
D:5:      layout_rooms, solitary_fountain, kennysheep_generic_room_14
D:6:      layout_loops_ring, mainiacjoe_overflow_chevrons,
          lemuel_zombie_altar_yredelemnul, nicolae_titane
D:7:      layout_basic, grunt_temple_overflow_opulence,
          minmay_temple_entry_glassed_door, uniq_joseph, uniq_menkaure
D:8:      layout_basic, gammafunk_temple_overflow_wave,
          grunt_lair_entry_orc_guard_hut, uniq_prince_ribbit1
Lair:1:   layout_misc_corridors, portal_ice_cave_entry_ice_simulacra,
          nicolae_quartered_pool_medium, columned_hall_lemuel, st_stairs_4
IceCv:    ice_cave_small_necro

Skill      XL: |  1  2  3  4  5  6  7  8  9 10 |
---------------+-------------------------------+-----
Axes           | 4 5 6 7 8 10 13 15 16 | 16.8
Fighting       | 4 5 6 8 |  8.7
Armour         | |  2.6
Dodging        | |  2.2

Action                   |  1- 3 |  4- 6 |  7- 9 | 10-12 || total
-------------------------+-------+-------+-------+-------++-------
Melee: Hand axe          |    81 |    75 |    17 |       ||   173
       Headbutt          |    12 |     6 |    23 |    12 ||    53
       Punch             |       |     1 |     2 |     1 ||     4
       War axe           |       |       |   137 |    42 ||   179
Invok: Berserk           |       |     1 |     2 |     1 ||     4
  Use: Scroll            |       |     2 |    13 |       ||    15
Armor: Animal skin       |     8 |       |       |       ||     8
       Scale mail        |    12 |     6 |       |       ||    18
       Crystal plate arm |       |    30 |    91 |    29 ||   150
Dodge: Dodged            |    40 |    18 |    21 |     3 ||    82
